 Dungeon Crawl Stone Soup version 0.32-a0-981-g384da2ce10 (webtiles) character file.

Game seed: 13789486963177635146

53 protoss039 the Digger (level 3, 0/27 HPs)
             Began as a Demonspawn Earth Elementalist on Apr 20, 2024.
             Succumbed to an adder's poison
             ... on level 2 of the Dungeon.
             The game lasted 00:02:41 (1125 turns).

protoss039 the Digger (DsEE)                        Turns: 1125, Time: 00:02:42

Health: 0/27       AC:  2    Str:  8    XL:     3   Next: 62%
Magic:  0/6        EV: 11    Int: 17    God:
Gold:   90         SH:  0    Dex: 13    Spells: 0/7 levels left

rFire   . . .        c - +0 dagger
rCold   . . .        (no shield)
rNeg    . . .        a - +0 robe
rPois   .            (no helmet)
rElec   .            (no cloak)
rCorr   .            (no gloves)
SInv    .            (no boots)
Will    .....        (no amulet)
Stlth   ++           (no ring)
HPRegen 0.24/turn    (no ring)
MPRegen 0.10/turn

%: no passive effects
@: mighty, brilliant, lethally poisoned (0 -> -6)
A: sturdy frame 1
a: no special abilities


You were on level 2 of the Dungeon.
You visited 1 branch of the dungeon, and saw 2 of its levels.

You collected 90 gold pieces.

Inventory:

Hand Weapons
 c - a +0 dagger (weapon)
Armour
 a - a +0 robe (worn)
Scrolls
 d - a scroll of vulnerability {unknown}
 f - a scroll of revelation {unknown}
 g - a scroll of immolation {unknown}
 i - a scroll of teleportation {unknown}
 j - a scroll of identify {unknown}
 k - a scroll of enchant weapon {unknown}
Potions
 b - a potion of magic
 h - a potion of brilliance
 l - a potion of enlightenment {unknown}


   Skills:
 * Level 1.7 Fighting
 + Level 1.8 Dodging
 + Level 1.9 Stealth
 + Level 2.6 Spellcasting
 + Level 1.0 Conjurations
 + Level 3.2 Earth Magic


You couldn't memorise any spells.
You knew the following spells:

 Your Spells              Type           Power      Damage    Failure   Level
a - Sandblast             Erth           38%        2d10      4%          1
b - Passwall              Erth           19%        N/A       14%         3
c - Stone Arrow           Conj/Erth      28%        3d8       22%         3

Your spell library contained the following spells:

 Spells                   Type           Power      Damage    Failure   Level
 Sting                    Conj/Alch      24%        1d4       14%         1
 Apportation              Tloc           6%         N/A       19%         1
 Necrotise                Necr           12%        1d4       19%         1
 Summon Small Mammal      Summ           12%        N/A       19%         1
 Brom's Barrelling Bould  Conj/Erth      14%        2d4       58%         4
 Petrify                  Alch/Erth      11%        N/A       67%         4


Dungeon Overview and Level Annotations

Branches:
Dungeon (2/15) Zot: 10851

Altars:


Innate Abilities, Weirdness & Mutations

Your movements are slightly less encumbered by armour. (ER -2)


Message History

The blast of sand hits the adder.
The adder is heavily wounded.
The adder bites you.
You are poisoned.
The adder poisons you! The kobold hits you but does no damage.
The frilled lizard bites you but does no damage.
The frilled lizard misses you. The adder barely misses you.
Unknown command.
It was a potion of brilliance.
You feel clever all of a sudden.
You feel sick. The adder closely misses you. The kobold barely misses you.
The frilled lizard barely misses you. The frilled lizard bites you.
Unknown command.
Casting: Sandblast (safe; 4% risk of failure)
Confirm with . or Enter, or press ? or * to list all spells.
Aiming: Sandblast (safe; 4% risk of failure)
Press: ? - help, Shift-Dir - straight line, f/p - adder
Aim: an adder (moderately wounded, 70% to hit)
You feel a surge of power!
The blast of sand misses the adder.
You feel sick. The adder bites you. The kobold hits you but does no damage.
The frilled lizard barely misses you. x2; The adder bites you.
* * * LOW HITPOINT WARNING * * *
You are lethally poisoned!
The adder poisons you! The kobold barely misses you.
The frilled lizard bites you.
* * * LOW HITPOINT WARNING * * *
Casting: Sandblast (safe; 4% risk of failure)
Confirm with . or Enter, or press ? or * to list all spells.
Aiming: Sandblast (safe; 4% risk of failure)
Press: ? - help, Shift-Dir - straight line, f/p - adder
Aim: an adder (moderately wounded, 70% to hit)
You feel a surge of power!
The blast of sand hits the adder!
You kill the adder!
* * * LOW HITPOINT WARNING * * *
You feel very sick. The kobold barely misses you.
The frilled lizard barely misses you. x2
Unknown command.
It was a potion of might.
You feel very mighty all of a sudden.
You die...

#...........
#.......?...
#...........
#.......l...
#...........
..#
#..........
..#
#lKl......
#.# ##l@..#
#.# ##....##
#.#
######..####
#.#
#........#
#.#
#........#
#.#
#........#
#.#
#........#
##.###.#
.....#..##
#<...<.#
.....##..#
#..#####


You could see a kobold and 4 frilled lizards.

Vanquished Creatures
  An adder (D:2)
  2 dart slugs (D:1)
  2 ball pythons (D:1)
  2 bats (D:1)
  3 endoplasms (D:1)
  A giant cockroach (D:1)
  7 hobgoblins
  4 kobolds (D:1)
  2 quokkas
  4 frilled lizards (D:1)
  6 goblins
  2 rats (D:1)
36 creatures vanquished.

Notes
Turn   | Place    | Note
-------+----------+-------------------------------------------
     0 | D:1      | protoss039 the Demonspawn Earth Elementalist began the
                  | quest for the Orb.
     0 | D:1      | Reached XP level 1. HP: 13/13 MP: 3/3
   203 | D:1      | Gained mutation: Your movements are slightly less
                  | encumbered by armour. (ER -2) [demonic ancestry]
   203 | D:1      | Reached XP level 2. HP: 13/20 MP: 5/5
   364 | D:1      | Reached skill level 1 in Fighting
   364 | D:1      | Reached skill level 3 in Earth Magic
   566 | D:1      | Reached XP level 3. HP: 26/26 MP: 6/6
  1001 | D:1      | Learned a level 3 spell: Passwall
  1005 | D:1      | Learned a level 3 spell: Stone Arrow
  1124 | D:2      | HP: 1/26 [poisoned by an adder]
  1125 | D:2      | Succumbed to an adder's poison

Illustrated notes

Levels and vault maps discovered:
D:1:      dpeg_arrival_solitude, layout_basic, chequers_serial_rivers_small_a
D:2:      layout_rooms, basic_ecumenical_altar, uniq_terence

Skill      XL: |  1  2 |
---------------+-------+-----
Fighting       | 1 |  1.7
Earth Magic    | 3 |  3.2
Dodging        | |  1.8
Stealth        | |  1.9
Spellcasting   | |  2.6
Conjurations   | |  1.0

Action                     || total
---------------------------++-------
  Melee: Dagger            ||    36
   Cast: Sandblast         ||    44
    Use: Potion            ||     2
 Armour: Robe              ||    36
  Dodge: Dodged            ||    35

Table legend: (Time is in decaauts)
 A = Elapsed time spent in this place.
 B = Non-inter-level travel time spent in this place.
 C = Inter-level travel time spent in this place.
 D = Time resting spent in this place.
 E = Time spent auto-exploring this place.
 F = Levels seen in this place.
 G = Mean time per level.
                   A        B        C        D        E       F      G
               +--------+--------+--------+--------+--------+-----+--------+
         Total |   1148 |   1095 |     53 |     13 |    848 |   2 |  574.0 |
       Dungeon |   1148 |   1095 |     53 |     13 |    848 |   2 |  574.0 |
               +--------+--------+--------+--------+--------+-----+--------+

Top non-repeatable levels by time:
     D:1: 1023 daAuts
     D:2: 125 daAuts
